NWL (28 & UNDER)
CULVER CITY EXTRAS @ CASPER GHOSTS
08/30/2029
 
TOP OF THE 1ST
Culver City Extras batting - Pitching for Casper Ghosts : RHP Larry Jenkins
Pitching: RHP Larry Jenkins
Batting: RHB Mitchell Darragh 0-0: Ground out 6-3 (Groundball, 6)
Batting: RHB Jamie Swyers 0-0: Ball
1-0: Called Strike
1-1: Ball
2-1: Ball
3-1: Base on Balls
Batting: LHB Iván Espinosa 0-0: Ball
1-0: Called Strike
1-1: Ball
2-1: Ground out 3-1 (Groundball, 34)
Jamie Swyers to second
Batting: RHB Horace Johnson 0-0: Ball
1-0: Called Strike
1-1: Swinging Strike
1-2: Foul Ball, location: 2F
1-2: Ball
2-2: DOUBLE (Line Drive, 8RD)
Jamie Swyers scores
Batting: LHB Ramiro Venegas 0-0: Foul Ball, location: 2F
0-1: Ball
1-1: Ball
2-1: Fly out, F8 (Flyball, 8LS)
Top of the 1st over - 1 run, 1 hit, 0 errors, 1 left on base; Culver City 1 - Casper 0
BOTTOM OF THE 1ST
Casper Ghosts batting - Pitching for Culver City Extras : LHP Sebastián Cervantes
Pitching: LHP Sebastián Cervantes
Batting: RHB Peter Bryant 0-0: Ball
1-0: SINGLE (Line Drive, 89M)
Batting: LHB Ramón Córdova 0-0: Ball
1-0: Called Strike
1-1: Ball
2-1: Called Strike
2-2: Ball
3-2: Reached on error, E4 (Groundball, 4)
Peter Bryant to second
Batting: RHB Paul Richard 0-0: Called Strike
0-1: Called Strike
0-2: Ball
1-2: Ball
2-2: Strikes out swinging
Batting: LHB Luis Rodríguez 0-0: Called Strike
Throwing error on steal attempt, E2
Peter Bryant scores
Ramón Córdova to third
0-1: Ball
1-1: Ball
2-1: Foul Ball, location: 2F
2-2: Fly out, F4 (Popup, 4M)
Batting: LHB Ronald Gordon 0-0: Called Strike
0-1: Ball
1-1: Ball
2-1: Swinging Strike
2-2: Foul Ball, location: 2F
2-2: Foul Ball, location: 2F
2-2: Foul Ball, location: 2F
2-2: Ball
3-2: DOUBLE (Line Drive, 8LXD)
Ramón Córdova scores
Batting: RHB Miguel Toro 0-0: Called Strike
0-1: Ball
1-1: Ball
2-1: Ball
Wild Pitch!
Ronald Gordon to third
3-1: Base on Balls
Batting: SHB José González 0-0: Ball
1-0: Ball
2-0: Fielders Choice at 2nd, 5-4 (Groundball, 56)
Bottom of the 1st over - 2 runs, 2 hits, 2 errors, 2 left on base; Culver City 1 - Casper 2
TOP OF THE 2ND
Culver City Extras batting - Pitching for Casper Ghosts : RHP Larry Jenkins
Batting: SHB Norberto Muñóz 0-0: Called Strike
0-1: Ball
1-1: Ball
2-1: Ball
3-1: Foul Ball, location: 2F
3-2: Ground out 4-3 (Groundball, 34)
Batting: RHB Dave Anderson 0-0: Ball
1-0: Called Strike
1-1: Ball
2-1: Foul Ball, location: 2F
2-2: Ball
3-2: Base on Balls
Batting: RHB Robert Koremans 0-0: Foul Ball, location: 2F
0-1: Called Strike
0-2: Ball
1-2: Fly out, F8 (Flyball, 8LM)
Batting: SHB Joey Boyd 0-0: Ball
1-0: Foul Ball, location: 2F
1-1: Called Strike
1-2: Ball
2-2: Foul Ball, location: 2F
2-2: Ball
3-2: Strikes out swinging
Top of the 2nd over - 0 runs, 0 hits, 0 errors, 1 left on base; Culver City 1 - Casper 2
BOTTOM OF THE 2ND
Casper Ghosts batting - Pitching for Culver City Extras : LHP Sebastián Cervantes
Batting: RHB Jerry Browning 0-0: Called Strike
0-1: Foul Ball, location: 2F
0-2: Strikes out swinging
Batting: RHB Hunter Plunket 0-0: Called Strike
0-1: Swinging Strike
0-2: Foul Ball, location: 2F
0-2: Ball
1-2: Strikes out swinging
Batting: RHB Peter Bryant 0-0: Ball
1-0: Fly out, F8 (Flyball, 89M)
Bottom of the 2nd over - 0 runs, 0 hits, 0 errors, 0 left on base; Culver City 1 - Casper 2
TOP OF THE 3RD
Culver City Extras batting - Pitching for Casper Ghosts : RHP Larry Jenkins
Batting: RHB Mitchell Darragh 0-0: Called Strike
0-1: Foul Ball, location: 2F
0-2: Ball
1-2: Ground out U3 (Groundball, 3)
Batting: RHB Jamie Swyers 0-0: DOUBLE (Flyball, 8RD)
Batting: LHB Iván Espinosa 0-0: Ball
1-0: Foul Ball, location: 2F
1-1: Called Strike
1-2: Ground out 5-3 (Groundball, 56)
Batting: RHB Horace Johnson 0-0: Swinging Strike
0-1: Ball
1-1: Foul Ball, location: 2F
1-2: Ball
2-2: Fly out, F8 (Flyball, 8RM)
Top of the 3rd over - 0 runs, 1 hit, 0 errors, 1 left on base; Culver City 1 - Casper 2
BOTTOM OF THE 3RD
Casper Ghosts batting - Pitching for Culver City Extras : LHP Sebastián Cervantes
Batting: LHB Ramón Córdova 0-0: Swinging Strike
0-1: SINGLE (Flyball, 78M)
Batting: RHB Paul Richard 0-0: Ball
1-0: Called Strike
1-1: Ball
2-1: Foul Ball, location: 2F
2-2: Strikes out swinging
Batting: LHB Luis Rodríguez 0-0: Fly out, F9 (Flyball, 9D)
Batting: LHB Ronald Gordon 0-0: Ball
1-0: Ball
2-0: Ball
3-0: Base on Balls
Ramón Córdova to second
Batting: RHB Miguel Toro 0-0: Called Strike
0-1: SINGLE (Line Drive, 6M)
Ramón Córdova to third
Ronald Gordon to second
Runner from 3rd tries for Home, SAFE, no throw
Batting: SHB José González 0-0: Called Strike
0-1: Ball
1-1: Foul Ball, location: 2F
1-2: Ball
2-2: Ground out 4-3 (Groundball, 4)
Bottom of the 3rd over - 1 run, 2 hits, 0 errors, 2 left on base; Culver City 1 - Casper 3
TOP OF THE 4TH
Culver City Extras batting - Pitching for Casper Ghosts : RHP Larry Jenkins
Batting: LHB Ramiro Venegas 0-0: Ball
1-0: Ball
2-0: Ball
3-0: Called Strike
3-1: Foul Ball, location: 2F
3-2: Strikes out swinging
Batting: SHB Norberto Muñóz 0-0: Foul Ball, location: 2F
0-1: Ball
1-1: Foul Ball, location: 2F
1-2: Ball
2-2: Fly out, F5 (Popup, 5SF)
Batting: RHB Dave Anderson 0-0: Ball
1-0: Swinging Strike
1-1: SINGLE (Groundball, 6MD)
Batting: RHB Robert Koremans 0-0: Foul Ball, location: 2F
0-1: Swinging Strike
0-2: Ball
1-2: Ground out U3 (Groundball, 3)
Top of the 4th over - 0 runs, 1 hit, 0 errors, 1 left on base; Culver City 1 - Casper 3
BOTTOM OF THE 4TH
Casper Ghosts batting - Pitching for Culver City Extras : LHP Sebastián Cervantes
Batting: RHB Jerry Browning 0-0: Called Strike
0-1: Fly out, F7 (Flyball, 78XD)
Batting: RHB Hunter Plunket 0-0: Fly out, F3 (Popup, 3F)
Batting: RHB Peter Bryant 0-0: Called Strike
0-1: Ball
1-1: Ball
2-1: Ball
3-1: Base on Balls
Batting: LHB Ramón Córdova 0-0: Called Strike
Peter Bryant steals 2nd base
0-1: Swinging Strike
0-2: Ball
1-2: Ball
2-2: Ball
3-2: Base on Balls
Batting: RHB Paul Richard 0-0: Reached on error, E6 (Groundball, 6)
Peter Bryant to third
Ramón Córdova to second
Batting: LHB Luis Rodríguez 0-0: Called Strike
0-1: Foul Ball, location: 2F
0-2: Ball
1-2: Strikes out looking
Bottom of the 4th over - 0 runs, 0 hits, 1 error, 3 left on base; Culver City 1 - Casper 3
TOP OF THE 5TH
Culver City Extras batting - Pitching for Casper Ghosts : RHP Larry Jenkins
Batting: SHB Joey Boyd 0-0: Swinging Strike
0-1: Foul Ball, location: 2F
0-2: Ball
1-2: Ball
2-2: Ball
3-2: Ground out 4-3 (Groundball, 4)
Batting: RHB Mitchell Darragh 0-0: Foul Ball, location: 2F
0-1: Ground out 6-3 (Groundball, 56)
Batting: RHB Jamie Swyers 0-0: Ball
1-0: Ball
2-0: Ball
3-0: Called Strike
3-1: Foul Ball, location: 2F
3-2: Foul Ball, location: 2F
3-2: Strikes out swinging
Top of the 5th over - 0 runs, 0 hits, 0 errors, 0 left on base; Culver City 1 - Casper 3
BOTTOM OF THE 5TH
Casper Ghosts batting - Pitching for Culver City Extras : LHP Sebastián Cervantes
Batting: LHB Ronald Gordon 0-0: Ball
1-0: Called Strike
1-1: Ball
2-1: Foul Ball, location: 2F
2-2: Ball
3-2: Base on Balls
Batting: RHB Miguel Toro 0-0: Fly out, F7 (Flyball, 7LSF)
Batting: SHB José González 0-0: Called Strike
0-1: Called Strike
0-2: Ball
1-2: Ball
2-2: Strikes out looking
Batting: RHB Jerry Browning 0-0: Ball
1-0: Swinging Strike
1-1: Foul Ball, location: 2F
1-2: Ball
2-2: Foul Ball, location: 2F
2-2: DOUBLE (Flyball, 8LD)
Ronald Gordon to third
Runner from 3rd tries for Home, SAFE, no throw
Batting: RHB Hunter Plunket 0-0: Fly out, F9 (Flyball, 9LD)
Bottom of the 5th over - 1 run, 1 hit, 0 errors, 1 left on base; Culver City 1 - Casper 4
TOP OF THE 6TH
Culver City Extras batting - Pitching for Casper Ghosts : RHP Larry Jenkins
Batting: LHB Iván Espinosa 0-0: Swinging Strike
0-1: Ball
1-1: Ball
2-1: Foul Ball, location: 2F
2-2: Fly out, F9 (Line Drive, 9D)
Batting: RHB Horace Johnson 0-0: Ball
1-0: Swinging Strike
1-1: Foul Ball, location: 2F
1-2: Ball
2-2: Ball
3-2: Fly out, F8 (Flyball, 89D)
Batting: LHB Ramiro Venegas 0-0: Foul Ball, location: 2F
0-1: Ball
1-1: Called Strike
1-2: Strikes out looking
Top of the 6th over - 0 runs, 0 hits, 0 errors, 0 left on base; Culver City 1 - Casper 4
BOTTOM OF THE 6TH
Casper Ghosts batting - Pitching for Culver City Extras : LHP Sebastián Cervantes
Pitching: RHP José García
Batting: RHB Peter Bryant 0-0: Ball
1-0: Ball
2-0: Called Strike
2-1: Called Strike
2-2: Foul Ball, location: 2F
2-2: Ball
3-2: Strikes out swinging
Batting: LHB Ramón Córdova 0-0: Ball
1-0: Ball
2-0: Ball
3-0: Base on Balls
Batting: RHB Paul Richard 0-0: Ball
1-0: Fielders Choice at 2nd, 6-4 (Groundball, 6)
Batting: LHB Luis Rodríguez 0-0: Ball
1-0: Ball
2-0: Called Strike
2-1: Ball
3-1: Base on Balls
Paul Richard to second
Batting: LHB Ronald Gordon 0-0: Ball
1-0: Ball
2-0: Ball
3-0: Called Strike
3-1: Called Strike
3-2: Fly out, F7 (Flyball, 7D)
Bottom of the 6th over - 0 runs, 0 hits, 0 errors, 2 left on base; Culver City 1 - Casper 4
TOP OF THE 7TH
Culver City Extras batting - Pitching for Casper Ghosts : RHP Larry Jenkins
Pitching: RHP José Padilla
Batting: SHB Norberto Muñóz 0-0: Called Strike
0-1: Foul Ball, location: 2F
0-2: Ball
1-2: Fly out, F7 (Line Drive, 7D)
Batting: RHB Dave Anderson 0-0: Foul Ball, location: 2F
0-1: SINGLE (Groundball, 56D)
Batting: RHB Robert Koremans 0-0: Called Strike
0-1: Ball
1-1: Ball
2-1: Fly out, F8 (Flyball, 8RS)
Batting: SHB Joey Boyd 0-0: Ball
Dave Anderson steals 2nd base
1-0: Fly out, F7 (Flyball, 7S)
Top of the 7th over - 0 runs, 1 hit, 0 errors, 1 left on base; Culver City 1 - Casper 4
BOTTOM OF THE 7TH
Casper Ghosts batting - Pitching for Culver City Extras : RHP José García
Batting: RHB Miguel Toro 0-0: Called Strike
0-1: Swinging Strike
0-2: Foul Ball, location: 2F
0-2: Ball
1-2: Ball
2-2: Ball
3-2: Reached on error, E3 (Groundball, 3)
Batting: SHB José González 0-0: Foul Ball, location: 2F
0-1: Ball
1-1: Ball
2-1: Ball
3-1: Reached on error, E5 (Groundball, 25)
Miguel Toro to third
Batting: RHB Jerry Browning 0-0: Called Strike
0-1: Swinging Strike
0-2: Strikes out swinging
Batting: RHB Hunter Plunket 0-0: Intentional Walk
Batting: RHB Peter Bryant 0-0: Ball
1-0: Foul Ball, location: 2F
1-1: Called Strike
1-2: Foul Ball, location: 2F
1-2: Ball
2-2: Strikes out looking
Pitching: LHP Clarence Gill
Batting: LHB Ramón Córdova 0-0: Foul Ball, location: 2F
0-1: Ball
1-1: Foul Ball, location: 2F
1-2: Foul Ball, location: 2F
1-2: Ball
2-2: Foul Ball, location: 2F
2-2: Foul Ball, location: 2F
2-2: Ball
3-2: Foul Ball, location: 2F
3-2: Foul Ball, location: 2F
3-2: Foul Ball, location: 2F
3-2: Foul Ball, location: 2F
3-2: SINGLE (Flyball, 8LS)
Miguel Toro scores
José González to third
Hunter Plunket to second
José González scores
Hunter Plunket to third
Pitching: LHP Alonso Álvarez
Batting: RHB Paul Richard 0-0: TRIPLE (Flyball, 9D)
Hunter Plunket scores
Ramón Córdova scores
Batting: LHB Luis Rodríguez 0-0: Called Strike
0-1: Ball
1-1: Ball
2-1: Ball
3-1: Swinging Strike
3-2: Foul Ball, location: 2F
3-2: Foul Ball, location: 2F
3-2: Strikes out swinging
Bottom of the 7th over - 4 runs, 2 hits, 2 errors, 1 left on base; Culver City 1 - Casper 8
TOP OF THE 8TH
Culver City Extras batting - Pitching for Casper Ghosts : RHP José Padilla
Batting: RHB Mitchell Darragh 0-0: Ball
1-0: Ball
2-0: Ball
3-0: Base on Balls
Batting: RHB Jamie Swyers 0-0: Called Strike
0-1: Ground out 4-3 (Groundball, 34)
Mitchell Darragh to second
Batting: LHB Iván Espinosa 0-0: Called Strike
0-1: Swinging Strike
0-2: Ball
1-2: Ball
2-2: Ball
3-2: 2-RUN HOME RUN (Flyball, 9LD), Distance : 397 ft
Batting: RHB Horace Johnson 0-0: Ball
1-0: Called Strike
1-1: Ball
2-1: Foul Ball, location: 2F
2-2: Foul Ball, location: 2F
2-2: Ball
3-2: Foul Ball, location: 2F
3-2: Ground out 1-3 (Groundball, 13)
Batting: LHB Ramiro Venegas 0-0: Called Strike
0-1: Foul Ball, location: 2F
0-2: Foul Ball, location: 2F
0-2: Strikes out looking
Top of the 8th over - 2 runs, 1 hit, 0 errors, 0 left on base; Culver City 3 - Casper 8
BOTTOM OF THE 8TH
Casper Ghosts batting - Pitching for Culver City Extras : LHP Alonso Álvarez
Batting: LHB Ronald Gordon 0-0: Swinging Strike
0-1: Swinging Strike
0-2: Ball
1-2: Ground out 4-3 (Groundball, 4)
Batting: RHB Miguel Toro 0-0: SINGLE (Line Drive, 7LS)
Batting: SHB José González Pickoff Throw to First - Error! E1
Miguel Toro to second
0-0: Ball
1-0: Swinging Strike
1-1: Ball
2-1: Reached via error on a dropped throw, E3
Miguel Toro to third
Batting: RHB Jerry Browning 0-0: Ball
1-0: Ball
2-0: Ball
3-0: Called Strike
3-1: Foul Ball, location: 2F
3-2: Strikes out swinging
Batting: RHB Hunter Plunket 0-0: Called Strike
0-1: Foul Ball, location: 2F
0-2: Ball
1-2: Foul Ball, location: 2F
1-2: DOUBLE (Groundball, 3L)
Miguel Toro scores
José González to third
Runner from 3rd tries for Home, SAFE, no throw
Batting: RHB Peter Bryant 0-0: Ball
1-0: Foul Ball, location: 2F
1-1: Ball
2-1: SINGLE (Line Drive, 9LM)
Hunter Plunket to third
Runner from 3rd tries for Home, throw and OUT!
Bottom of the 8th over - 2 runs, 3 hits, 2 errors, 1 left on base; Culver City 3 - Casper 10
TOP OF THE 9TH
Culver City Extras batting - Pitching for Casper Ghosts : RHP José Padilla
Batting: SHB Norberto Muñóz 0-0: Called Strike
0-1: Ball
1-1: Ball
2-1: Swinging Strike
2-2: Ball
3-2: Foul Ball, location: 2F
3-2: Foul Ball, location: 2F
3-2: Base on Balls
Batting: RHB Dave Anderson 0-0: Foul Ball, location: 2F
0-1: Ball
1-1: Ball
2-1: Foul Ball, location: 2F
2-2: DOUBLE (Line Drive, 89D)
Norberto Muñóz to third
Batting: RHB Robert Koremans 0-0: Called Strike
0-1: Ball
1-1: Called Strike
1-2: Ball
2-2: Foul Ball, location: 2F
2-2: Foul Ball, location: 2F
2-2: Foul Ball, location: 2F
2-2: Fly out, F9 (Flyball, 9LMF)
Runner from 3rd tags up, SCORES, no throw
Batting: SHB Joey Boyd 0-0: Ground out U3 (Groundball, 3S)
Dave Anderson to third
Batting: RHB Mitchell Darragh 0-0: Swinging Strike
0-1: Called Strike
0-2: Ball
1-2: Fly out, F6 (Line Drive, 6)
Top of the 9th over - 1 run, 1 hit, 0 errors, 1 left on base; Culver City 4 - Casper 10
Saturday, December 16th, 2017 - OOTP Baseball 18.8 Build 76